 Dungeon Crawl Stone Soup version 0.25-a0-565-g8875c97ebb (webtiles) character file.

Game seed: 7080560174029706607, levelgen mode: classic

55671 EnegeticOcto the Pandemonic (level 14, -2/122 HPs)
             Began as a Deep Dwarf Fighter on Feb 26, 2020.
             Was a High Priest of Makhleb.
             Killed from afar by a raiju (6 damage)
             ... with a living lightning
             ... on level 2 of the Abyss.
             The game lasted 00:10:15 (13502 turns).

EnegeticOcto the Pandemonic (Deep Dwarf Fighter)   Turns: 13502, Time: 00:10:15

Health: -2/122     AC: 18    Str: 22 (24) XL:     14   Next: 39%
Magic:  0/0        EV:  9    Int:  6      God:    Makhleb [*****.]
Gold:   1296       SH: 16    Dex:  7 (8)  Spells: 13/13 levels left

rFire    . . .     SeeInvis .   a - +2 broad axe (vorpal)
rCold    + . .     Gourm    .   c - +1 kite shield
rNeg     + . .     Faith    .   t - +0 plate armour
rPois    +         Spirit   .   (no helmet)
rElec    .         Reflect  .   (no cloak)
rCorr    .         Harm     .   p - +2 pair of gloves
MR       ++...     Clarity  +   (no boots)
Stlth    ..........             (no amulet)
HPRegen  0.00/turn              E - ring of poison resistance
MPRegen  0.07/turn              F - ring of protection from cold

@: non-regenerating
A: damage resistance, heal wounds, large bone plates 1, clarity, [clumsy 2],
[deterioration 1], [dopey 2], [frail 2], [low mp 2], negative energy resistance
1, sense surroundings 2, robust 1, [screaming 1], [subdued magic 1], no
regeneration
a: Heal Wounds, Minor Destruction, Lesser Servant of Makhleb, Major Destruction,
Greater Servant of Makhleb, Renounce Religion


You were on level 2 of the Abyss.
You worshipped Makhleb.
Makhleb was extremely pleased with you.
You were full.

You visited 3 branches of the dungeon, and saw 19 of its levels.
You visited the Abyss 1 time.
You also visited: Sewer and Ice Cave.

You collected 1296 gold pieces.

Inventory:

Hand Weapons
 a - a +2 vorpal broad axe (weapon)
 v - the +8 hand axe of Amihar {drain, rF+ Dex+2}
   (You found it on level 11 of the Dungeon)

   A truly terrible weapon, it drains the life of those it strikes.
   It affects your dexterity (+2).
   It protects you from fire.
Armour
 c - a +1 kite shield (worn)
 p - a +2 pair of gloves (worn)
 t - a +0 plate armour (worn)
Jewellery
 E - a ring of poison resistance (left hand)
 F - a ring of protection from cold (right hand)
 H - an uncursed ring of stealth {unknown}
Wands
 b - a wand of flame (77)
 o - a wand of acid (7) {@v1}
 w - a wand of clouds (6)
 y - a wand of scattershot (6)
 B - a wand of paralysis (6)
 I - a wand of iceblast (2)
 K - a wand of digging (8) {@v2}
Scrolls
 h - 4 scrolls of magic mapping {@r5}
 i - a scroll of immolation {@r4}
 s - 6 scrolls of teleportation {@r2}
 u - 3 scrolls of blinking {@r3}
 x - 6 scrolls of enchant armour
 z - 6 scrolls of identify {@r1}
 A - a scroll of summoning
 C - 4 scrolls of remove curse {@r6}
Potions
 d - 2 potions of cancellation
 f - 3 potions of lignification {@q7}
 g - 6 potions of flight
 j - 4 potions of magic
 k - 2 potions of might {@q3}
 l - a potion of invisibility
 m - a potion of resistance {@q6}
 n - 4 potions of haste {@q4}
 q - 7 potions of curing {@q1}
 r - 3 potions of heal wounds {@q2}
 J - a potion of brilliance {unknown}
 L - a potion of ambrosia {unknown}
Miscellaneous
 D - a lamp of fire
 G - a phantom mirror
Comestibles
 e - 18 rations


   Skills:
 * Level 11.7 Fighting
 * Level 13.3 Axes
 + Level 10.2 Armour
 + Level 9.7 Dodging
 + Level 10.3 Shields
 * Level 13.9 Invocations


You had 13 spell levels left.
You didn't know any spells.
Your spell library was empty.

Dungeon Overview and Level Annotations

Branches:
Dungeon (15/15)            Temple (1/1) D:7            Lair (3/6) D:9
  Swamp (0/4) Lair:3       Spider (0/4) Lair:3          Orc (0/2) D:11
 Depths (0/5) D:15          Sewer (visited)           IceCv (visited)
 Vaults: D:13-14

Altars:
Ashenzari
Cheibriados
Dithmenos
Elyvilon
Fedhas
Gozag
Makhleb
Nemelex Xobeh
Qazlal
Ru
Sif Muna
Trog
Vehumet
Xom
Yredelemnul
Zin
The Shining One

Portals:
Abyss: Lair:3

Annotations:
D:6 2 transporters, surprisetrexx's ghost, novice HOFE
D:14 Louise
Lair:1 3 runed translucent doors, Wiebster667's ghost, novice DsGl
Lair:3 2 transporters, Wiebster667's ghost, journeyman OpFi


Innate Abilities, Weirdness & Mutations

You are resistant to damage.
You can heal yourself by infusing magical energy.
You resist negative energy. (rN+)
You passively map the area around you.
You do not regenerate.
You are partially covered in large bone plates. (SH +4)
You possess an exceptional clarity of mind.
You are robust. (+10% HP)
[You are very clumsy. (Dex -4)]
[Your body sometimes deteriorates upon taking damage.]
[You are very dopey. (Int -4)]
[You are very frail. (-20% HP)]
[Your magical capacity is very low. (-20% MP)]
[You occasionally shout uncontrollably at your foes.]
[Your spells are a little easier to cast, but a little less powerful.]


Message History

The raiju bursts into living lightning!
The living lightning misses you.
The raiju blinks!
You are too injured to fight recklessly!
You are too injured to fight recklessly!
You are too injured to fight recklessly!
You are too injured to fight recklessly!
You are too injured to fight recklessly!
You are too injured to fight recklessly!
You are too injured to fight recklessly!
You are too injured to fight recklessly!
You are too injured to fight recklessly!
You are too injured to fight recklessly!
You are too injured to fight recklessly!
You feel much better.
A lurking horror comes into view.
A smoke demon comes into view.
The hellion gestures at you.
The sphere of damnation explodes!
The damnation engulfs you!!
* * * LOW HITPOINT WARNING * * *
Your body deteriorates!
You feel weakened.
The damnation engulfs the hellion.
The hellion completely resists.
The damnation engulfs the lurking horror!
The lurking horror explodes!
Your body is wracked with pain!
* * * LOW HITPOINT WARNING * * *
The raiju convulses!
You are too injured to fight recklessly!
You feel much better. The smoke demon gestures at you. Something smites you!
* * * LOW HITPOINT WARNING * * *
You block the hellion's attack.
You are too injured to fight recklessly!
You are too injured to fight recklessly!
You are too injured to fight recklessly!
You are too injured to fight recklessly!
You are too injured to fight recklessly!
You are too injured to fight recklessly!
You are too injured to fight recklessly!
You feel much better. The hellion gestures at you.
The sphere of damnation explodes!
The damnation engulfs you!!
* * * LOW HITPOINT WARNING * * *
The damnation engulfs the hellion.
The hellion completely resists.
You are too injured to fight recklessly!
Your magical essence is drained by the effort!
You feel much better. You block the hellion's attack.
An apocalypse crab comes into view.
You are too injured to fight recklessly!
You are too injured to fight recklessly!
You are too injured to fight recklessly!
You are too injured to fight recklessly!
You are too injured to fight recklessly!
You are too injured to fight recklessly!
You are too injured to fight recklessly!
You are too injured to fight recklessly!
You are too injured to fight recklessly!
You don't have enough innate magic capacity.
You don't have enough innate magic capacity.
You are too injured to fight recklessly!
You are too injured to fight recklessly!
You are too injured to fight recklessly!
You are too injured to fight recklessly!
You are too injured to fight recklessly!
You are too injured to fight recklessly!
You slash the hellion!
You kill the hellion!
Makhleb accepts your kill.
You feel better.
You feel your dexterity returning.
You feel the corruption within you wane somewhat.
Your urge to yell lessens.
Your connection to magic feels less subdued.
You feel a little healthier.
The apocalypse crab breathes chaos at you.
The smoke demon gestures at you. Something smites you!
The raiju is engulfed in seething chaos.
Your shield and plate armour prevent you from hitting the raiju.
The raiju is heavily wounded.
The raiju bursts into living lightning!
The living lightning hits you!
* * * LOW HITPOINT WARNING * * *
Your body deteriorates!
You feel clumsy. The living lightning hits you!!
* * * LOW HITPOINT WARNING * * *
The raiju blinks!
A spatial vortex comes into view.
You block the raiju's attack.
The smoke demon hits you but does no damage.
You block the smoke demon's attack. x2; You block the apocalypse crab's attack.
The apocalypse crab claws you.
* * * LOW HITPOINT WARNING * * *
You slash the raiju!
The raiju is almost dead.
You hit the apocalypse crab but do no damage.
You slash the smoke demon!
A spatial vortex comes into view.
The raiju bursts into living lightning!
The living lightning hits you!
You die...

. #.. . .#. . #
# ## .....#....
.# #.## #.#..
..# .# ... ..
...## #. ....
.#. #..# .. ##
. ..
...#.###.## ..
. .. .. .
....#..#..# #.
##.#
#####.#h....# .
. #
##.#.##.#@#....
#.#...#.3t# ..
.#...#.#
###.##.......
## # ##.#..#.
....#....
...#...## ...#
... #.# #.


You could see an apocalypse crab, a smoke demon and a raiju.

Vanquished Creatures
  Kirke (D:15)
  A frost giant (IceCv)
  Snorg (D:12)
  2 hydras
  A catoblepas (Lair:3)
  A centaur warrior (D:14)
  2 death yaks (IceCv)
  A two-headed ogre (D:11)
  2 wretched stars (Abyss:2)
  A spatial maelstrom (Abyss:2)
  5 skeletal warriors (D:13)
  2 unseen horrors
  A lindwurm (shapeshifter) (D:15)
  A lindwurm (Lair:3)
  A deep elf mage (D:13)
  A wolf spider (D:15)
  2 cyclopes (D:15)
  A manticore (D:15)
  9 elephants
  Joseph (D:7)
  2 gargoyles
  An ice statue (IceCv)
  A black mamba (Lair:2)
  A black mamba (shapeshifter) (D:13)
  4 spiny frogs
  A hellion (Abyss:2)
  Maggie (D:10)
  A kobold demonologist (D:12)
  A rime drake (IceCv)
  A redback zombie (D:15)
  8 komodo dragons
  A hellwing (Abyss:2)
  A tengu conjurer (D:13)
  10 polar bears
  A merfolk (D:15)
  5 trolls
  2 jumping spiders (Lair:3)
  5 blink frogs (Lair:2)
  A raiju (Abyss:2)
  A bog body (Lair:3)
  4 large abominations (Abyss:2)
  7 slime creatures (D:15)
  8 hippogriffs
  A small abomination (Abyss:2)
  A shadow (D:11)
  A wraith (D:15)
  A redback (Lair:3)
  2 vampires
  A water elemental (Abyss:2)
  A centaur simulacrum (D:13)
  7 hogs (D:15)
  41 yaks
  2 wyverns
  A basilisk (D:9)
  2 hungry ghosts
  An acid dragon (D:15)
  A swamp worm (Lair:3)
  2 wargs (D:11)
  Duvessa (D:7)
  3 water moccasins
  An orc warrior (D:12)
  3 black bears
  7 porcupines
  Purgy (Sewer)
  2 eyes of draining
  4 ice beasts
  4 sky beasts
  2 necrophages
  2 phantoms
  An ogre (D:12)
  A centaur (D:10)
  18 wolves
  7 crocodiles
  A big kobold (D:9)
  A wyvern zombie (D:6)
  Dowan (D:7)
  8 bullfrogs
  A water moccasin zombie (D:7)
  6 scorpions
  A water moccasin skeleton (D:9)
  14 killer bees
  2 howler monkeys
  2 electric eels
  2 crimson imps
  8 hounds
  3 quasits
  3 jellies
  4 bullfrog skeletons
  A bullfrog zombie (D:5)
  5 centaur skeletons
  8 orc priests
  13 orc wizards
  Jessica (D:3)
  2 iguanas
  9 worker ants
  A hound zombie (D:7)
  A hound skeleton (D:5)
  7 adders
  4 gnolls (D:3)
  A howler monkey skeleton (D:10)
  4 shadow imps
  An ufetubus (Abyss:2)
  An adder skeleton (D:8)
  An adder zombie (D:6)
  A worm (D:3)
  A dart slug (D:2)
  7 leopard geckos
  40 orcs
  A ball python (D:4)
  7 bats
  8 giant cockroaches
  10 hobgoblins
  14 jackals
  8 kobolds
  4 quokkas
  3 frilled lizards
  A giant cockroach zombie (D:6)
  5 goblins
  A quokka zombie (D:5)
  4 rats (D:3)
  2 fungi
461 creatures vanquished.

Vanquished Creatures (collateral kills)
  Nessos (D:12)
  3 hydras
  2 komodo dragons (Lair:2)
  A jumping spider (Lair:3)
  2 yaks (Lair:1)
  A water moccasin (Lair:3)
  A bullfrog (Lair:3)
11 creatures vanquished.

Vanquished Creatures (others)
  An orc wizard (D:3)
  2 fungi
  A lurking horror (Abyss:2)
  13 plants
17 creatures vanquished.

Grand Total: 489 creatures vanquished

Notes
Turn   | Place    | Note
-------+----------+-------------------------------------------
     0 | D:1      | EnegeticOcto the Deep Dwarf Fighter began the quest for the
                  | Orb.
     0 | D:1      | Reached XP level 1. HP: 20/20 MP: 1/1
   117 | D:2      | Reached XP level 2. HP: 24/27 MP: 2/2
   343 | D:3      | Reached XP level 3. HP: 18/34 MP: 3/3
   355 | D:3      | Reached skill level 1 in Dodging
   457 | D:3      | Noticed Jessica
   465 | D:3      | Killed Jessica
   465 | D:3      | Reached XP level 4. HP: 42/42 MP: 2/2
   493 | D:3      | Found a glowing drain.
   511 | Sewer    | Entered a sewer
   596 | Sewer    | Noticed Purgy
   631 | Sewer    | Killed Purgy
   631 | Sewer    | Reached XP level 5. HP: 46/50 MP: 3/3
   960 | D:3      | Reached XP level 6. HP: 40/57 MP: 3/3
  1155 | D:4      | Found a blossoming altar of Fedhas.
  1160 | D:4      | Found a white marble altar of Elyvilon.
  1160 | D:4      | Found a basalt altar of Yredelemnul.
  1161 | D:4      | Found a bloodstained altar of Trog.
  1162 | D:4      | Found a glowing silver altar of Zin.
  1165 | D:4      | Found a sacrificial altar of Ru.
  1236 | D:4      | Reached XP level 7. HP: 35/66 MP: 4/4
  1290 | D:4      | Reached skill level 5 in Axes
  1678 | D:5      | Entered Level 5 of the Dungeon
  1944 | D:5      | Reached skill level 5 in Fighting
  2158 | D:5      | Reached skill level 5 in Shields
  2418 | D:5      | Reached XP level 8. HP: 39/74 MP: 2/2
  2562 | D:6      | Reached skill level 5 in Armour
  2588 | D:6      | Found a transporter.
  2589 | D:6      | Identified the +1 great mace "Beastslayer" {vamp, *Corrode
                  | rPois rF++ Dex+4}
  2589 | D:6      | Noticed a two-headed ogre
  2591 | D:6      | Noticed surprisetrexx's ghost (novice HOFE)
  2594 | D:6      | Found a transporter.
  3187 | D:6      | Found a shadowy altar of Dithmenos.
  3347 | D:7      | Found a staircase to the Ecumenical Temple.
  3352 | Temple   | Entered the Ecumenical Temple
  3418 | Temple   | Became a worshipper of Makhleb the Destroyer
  3517 | D:7      | Reached skill level 1 in Invocations
  3670 | D:7      | Noticed a hippogriff
  3684 | D:7      | Killed a hippogriff
  3708 | D:7      | Gained mutation: You passively map the area around you.
                  | [Deep Dwarf growth]
  3708 | D:7      | Reached XP level 9. HP: 67/82 MP: 4/4
  3779 | D:7      | Noticed Joseph
  3810 | D:7      | Reached * piety under Makhleb
  3811 | D:7      | Killed Joseph
  3926 | D:7      | Noticed Duvessa
  3926 | D:7      | Noticed Dowan
  3949 | D:7      | Killed Duvessa
  3965 | D:7      | Killed Dowan
  4010 | D:7      | Noticed Maggie
  4611 | D:8      | Reached skill level 5 in Dodging
  4639 | D:8      | Reached skill level 5 in Invocations
  5439 | D:9      | Reached XP level 10. HP: 80/94 MP: 7/7
  5458 | D:9      | Reached ** piety under Makhleb
  5888 | D:9      | Found a staircase to the Lair.
  6475 | D:10     | Entered Level 10 of the Dungeon
  6647 | D:10     | Killed Maggie
  6917 | D:10     | Gained mutation: You possess an exceptional clarity of
                  | mind. [potion of mutation]
  6917 | D:10     | Gained mutation: You are partially covered in large bone
                  | plates. (SH +4) [potion of mutation]
  6917 | D:10     | Gained mutation: Scrolls take you a little longer to read.
                  | [potion of mutation]
  6917 | D:10     | Gained mutation: Your spells are a little harder to cast,
                  | but a little more powerful. [potion of mutation]
  6918 | D:10     | Lost mutation: Scrolls take you a little longer to read.
                  | [potion of mutation]
  6918 | D:10     | Lost mutation: Your spells are a little harder to cast, but
                  | a little more powerful. [potion of mutation]
  6918 | D:10     | Lost mutation: You possess an exceptional clarity of mind.
                  | [potion of mutation]
  6918 | D:10     | Gained mutation: You are robust. (+10% HP) [potion of
                  | mutation]
  6918 | D:10     | Gained mutation: You possess an exceptional clarity of
                  | mind. [potion of mutation]
  6930 | D:11     | Reached *** piety under Makhleb
  6937 | D:11     | Reached XP level 11. HP: 87/113 MP: 6/6
  6958 | D:11     | Found a staircase to the Orcish Mines.
  7045 | D:11     | Noticed a two-headed ogre
  7053 | D:11     | Killed a two-headed ogre
  7258 | D:11     | Got a scorched hand axe
  7259 | D:11     | Identified the +8 hand axe of Amihar {drain, rF+ Dex+2}
                  | (You found it on level 11 of the Dungeon)
  7457 | D:11     | Killed an unseen horror
  7457 | D:11     | Reached skill level 10 in Axes
  7797 | D:12     | Noticed a seven-headed hydra
  7813 | D:12     | Killed an 11-headed hydra
  7826 | D:12     | Killed an unseen horror
  7889 | D:12     | Noticed a deep elf mage
  7946 | D:12     | Noticed a wolf spider
  8000 | D:12     | Found a frozen archway.
  8068 | IceCv    | Entered an ice cave
  8084 | IceCv    | Reached **** piety under Makhleb
  8152 | IceCv    | Reached skill level 10 in Invocations
  8267 | IceCv    | Reached XP level 12. HP: 126/126 MP: 5/5
  8415 | IceCv    | Noticed a death yak
  8434 | IceCv    | Killed a death yak
  8482 | IceCv    | Noticed a frost giant
  8482 | IceCv    | Noticed a death yak
  8514 | IceCv    | Killed a frost giant
  8514 | IceCv    | Reached skill level 10 in Fighting
  8516 | IceCv    | Killed a death yak
  8516 | IceCv    | Reached ***** piety under Makhleb
  8947 | D:12     | Noticed Snorg
  8952 | D:12     | Noticed Nessos
  8963 | D:12     | Killed Snorg
  8985 | D:12     | Killed Nessos
  9060 | D:12     | Noticed an ogre mage
  9069 | D:12     | Noticed an eight-headed hydra
  9520 | Lair:1   | Entered Level 1 of the Lair of Beasts
  9524 | Lair:1   | Found a runed translucent gate.
  9526 | Lair:1   | Found a runed translucent gate.
  9529 | Lair:1   | Found a runed translucent gate.
  9538 | Lair:1   | Noticed a minotaur
  9764 | Lair:1   | Reached XP level 13. HP: 131/136 MP: 6/6
  9806 | Lair:1   | Noticed Wiebster667's ghost (novice DsGl)
  9895 | Lair:2   | Got an ichor-stained battleaxe
  9922 | Lair:2   | Identified the cursed +1 battleaxe of Kiefu {pain, MP+9}
                  | (You found it on level 2 of the Lair of Beasts)
 10595 | Lair:2   | Identified a scroll of acquirement
 11085 | Lair:3   | Found a hole to the Spider Nest.
 11245 | Lair:3   | Identified the +4 rapier of Karma {distort, *Drain +Inv
                  | rElec SInv}
 11263 | Lair:3   | Found a transporter.
 11332 | Lair:3   | Found a staircase to the Swamp.
 11382 | Lair:3   | Noticed Wiebster667's ghost (journeyman OpFi)
 11386 | Lair:3   | Found a transporter.
 11390 | Lair:3   | Found a one-way gate to the infinite horrors of the Abyss.
 11391 | Lair:3   | Identified the ring of Creativity {rF+ Str+5 Slay+6}
 12200 | D:13     | You fall into a shaft and drop 2 floors!
 12200 | D:15     | Entered Level 15 of the Dungeon
 12263 | D:15     | Gained mutation: You resist negative energy. (rN+) [Deep
                  | Dwarf growth]
 12263 | D:15     | Reached XP level 14. HP: 127/148 MP: 8/8
 12268 | D:15     | Reached skill level 10 in Shields
 12533 | D:15     | Noticed Kirke
 12537 | D:15     | Reached skill level 10 in Armour
 12557 | D:15     | Killed Kirke
 12672 | D:15     | Found a staircase to the Depths.
 13075 | D:14     | Noticed Louise
 13094 | D:14     | Cast into level 2 of the Abyss (Louise)
 13124 | Abyss:2  | Found a shimmering blue altar of Sif Muna.
 13372 | Abyss:2  | Noticed a daeva
 13499 | Abyss:2  | HP: 5/122 [raiju/living lightning (19)]
 13502 | Abyss:2  | Killed from afar by a raiju

Levels and vault maps discovered:
D:1:      dpeg_arrival_shelter, layout_loops_corners
D:2:      layout_loops_ring, gammafunk_temple_overflow_wave, uniq_terence
D:3:      layout_loops_ring, gup_sewer_entry_pipe, cheibrodos_gnoll_hut,
          uniq_jessica
D:4:      layout_basic, minitemple
D:5:      layout_basic, first_ration, minmay_misc_feat_four_crosses,
          abandoned_shop
D:6:      layout_basic, kennysheep_mini, gammafunk_ghost_smash,
          minmay_crystal_room
D:7:      layout_basic, temple_statues, uniq_joseph, uniq_duvessa, uniq_maggie
D:8:      layout_basic, kennysheep_cross_room
D:9:      layout_layer_cave, minmay_lair_entry_grove, minmay_misc_feat_ornament
D:10:     layout_basic
D:11:     layout_gridville, erik_orc_4
D:12:     layout_layer_cave, portal_ice_cave_entry_pillars_1, grunt_pizzeria,
          minivault_12, uniq_nessos, uniq_snorg
D:13:     layout_rooms
D:14:     layout_rooms, grunt_vaults_entry_fortified, serial_shops,
          bzr_entry_water, hex_medium, kennysheep_windowed_goal, uniq_louise
D:15:     hangedman_depths_entry_try_elsewhere_first, layout_long_grid,
          hangedman_abyss_or_decor_passed, chequers_serial_rivers_small_3,
          uniq_kirke
Temple:   dshaligram_water_room_temple
Lair:1:   layout_concentric_octagons, maelrawn_ghost_gauntlet_escape,
          minivault_24, uniq_harold
Lair:2:   layout_loops_ring, cheibrodos_lair_reptile_den, grunt_megastairs_1,
          serial_bayou_shore_a
Lair:3:   layout_hall_layers, nicolae_swamp_entry_splash_gauntlet,
          spider_nest_entry_funnel_web, gammafunk_ghost_abyssal_escape
Abyss:2:  base: D:9, evilmike_abyss_exit_plants, hangedman_abyss_theft,
          hangedman_shadowy_showcase, kilobyte_mutagenic_chamber

Skill      XL: |  1  2  3  4  5  6  7  8  9 10 11 12 13 14 |
---------------+-------------------------------------------+-----
Fighting       | 3 4 5 6 7 8 9 10 11 | 11.7
Dodging        | 1 2 3 4 5 6 7 8 9 |  9.7
Axes           | 3 4 5 7 8 9 10 11 12 13 | 13.3
Shields        | 4 5 6 7 8 9 10 | 10.3
Armour         | 4 5 6 7 8 9 10 | 10.2
Invocations    | 3 6 8 10 11 13 | 13.9

Action                   |  1- 3 |  4- 6 |  7- 9 | 10-12 | 13-15 || total
-------------------------+-------+-------+-------+-------+-------++-------
Melee: War axe           |    91 |   209 |   539 |   383 |       ||  1222
       Hand axe          |       |       |       |   388 |   289 ||   677
       Broad axe         |       |       |       |       |   324 ||   324
Invok: Lesser Servant of |       |       |       |     4 |     7 ||    11
 Abil: Heal Wounds       |     5 |     3 |    14 |    32 |    19 ||    73
Evoke: Wand              |       |       |       |     5 |       ||     5
  Use: Scroll            |       |       |    17 |     4 |     6 ||    27
       Potion            |       |       |       |     2 |       ||     2
 Stab: Distracted        |       |       |     1 |     1 |     4 ||     6
       Petrified         |       |       |       |       |     9 ||     9
       Petrifying        |       |       |       |       |     1 ||     1
  Eat: Chunk             |       |     2 |    15 |    14 |    12 ||    43
       Ration            |       |       |       |     1 |     2 ||     3
Armor: Scale mail        |    39 |   165 |    12 |       |       ||   216
       Plate armour      |       |       |   397 |   518 |   283 ||  1198
Dodge: Dodged            |    26 |   106 |   178 |   258 |   180 ||   748
Block: Kite shield       |    67 |   153 |   390 |   682 |   529 ||  1821

Table legend:
 A = Non-vault XP
 B = Vault XP
 C = Vault XP percentage of total XP
 D = Non-vault monster count
 E = Vault monster count
 F = Vault count percentage of total count
                 A         B        C        D         E       F
            +---------+---------+-------+---------+---------+-------
      Total |   51016 |   28514 |  35.9 |     342 |     129 |  27.4
            +---------+---------+-------+---------+---------+-------
        D:1 |      11 |       0 |   0.0 |       6 |       0 |   0.0
        D:2 |      10 |       0 |   0.0 |       5 |       0 |   0.0
        D:3 |     226 |      57 |  20.1 |      33 |       9 |  21.4
        D:4 |     623 |       0 |   0.0 |      22 |       0 |   0.0
        D:5 |     375 |       0 |   0.0 |      15 |       0 |   0.0
        D:6 |     541 |       0 |   0.0 |      21 |       0 |   0.0
        D:7 |    1273 |     717 |  36.0 |      28 |       3 |   9.7
        D:8 |    1073 |       0 |   0.0 |      14 |       0 |   0.0
        D:9 |    1404 |    1990 |  58.6 |      25 |      12 |  32.4
       D:10 |    1827 |     389 |  17.6 |      20 |       1 |   4.8
       D:11 |    4111 |     556 |  11.9 |      23 |      16 |  41.0
       D:12 |    3294 |    1739 |  34.6 |      12 |       3 |  20.0
       D:13 |    7118 |       0 |   0.0 |      20 |       0 |   0.0
       D:14 |    1096 |     906 |  45.3 |       6 |       1 |  14.3
       D:15 |    4862 |    5920 |  54.9 |      18 |      12 |  40.0
     Lair:1 |    6127 |       0 |   0.0 |      17 |       0 |   0.0
     Lair:2 |    6904 |    1147 |  14.2 |      28 |       6 |  17.6
     Lair:3 |    5413 |    1297 |  19.3 |      16 |       7 |  30.4
    Abyss:2 |    4728 |       0 |   0.0 |      13 |       0 |   0.0
      Sewer |       0 |     144 | 100.0 |       0 |       6 | 100.0
      IceCv |       0 |   13652 | 100.0 |       0 |      53 | 100.0
            +---------+---------+-------+---------+---------+-------
